 Dungeon Crawl Stone Soup version 0.28-a0-850-g09de17f5b5 (webtiles) character file.

Game seed: 17646289471759059669

20 BinkBink the Skirmisher (level 2, 0/33 HPs)
             Began as an Ogre Fighter on Nov 14, 2021.
             Killed from afar by an orc wizard (6 damage)
             ... with a puff of flame
             ... on level 2 of the Dungeon.
             The game lasted 00:01:11 (1041 turns).

BinkBink the Skirmisher (Ogre Fighter)              Turns: 1041, Time: 00:01:11

Health: 0/33       AC:  3    Str: 19    XL:     2   Next: 79%
Magic:  2/2        EV:  8    Int:  9    God:
Gold:   27         SH:  7    Dex:  8    Spells: 1/1 levels left

rFire   . . .      SeeInvis .   a - +0 trident
rCold   . . .      Faith    .   c - +0 kite shield
rNeg    . . .      Spirit   .   b - +0 robe
rPois   .          Reflect  .   (helmet restricted)
rElec   .          Harm     .   (no cloak)
rCorr   .          Rampage  .   (gloves unavailable)
Will    .....                   (boots unavailable)
Stlth   +.........              (no amulet)
HPRegen 0.11/turn               (no ring)
MPRegen 0.08/turn               (no ring)

@: no status effects
A: large, unfitting armour, tough skin 1
a: no special abilities


You were on level 2 of the Dungeon.
You visited 1 branch of the dungeon, and saw 2 of its levels.

You collected 27 gold pieces.

Inventory:

Hand Weapons
 a - a +0 trident (weapon)
Armour
 b - a +0 robe (worn)
 c - a +0 kite shield (worn)
Scrolls
 e - a scroll of amnesia {unknown}
 f - a scroll of enchant armour {unknown}
Potions
 d - a potion of might


   Skills:
 + Level 4.8 Fighting
 + Level 2.3 Polearms
 - Level 2.6 Dodging
 + Level 0.3 Stealth
 - Level 2.6 Shields


You had one spell level left.
You didn't know any spells.
Your spell library was empty.

Dungeon Overview and Level Annotations

Branches:
Dungeon (2/15)

Altars:

Annotations:
D:2 Terence


Innate Abilities, Weirdness & Mutations

You are too large for most types of armour.
You have tough skin. (AC +1)


Message History

The goblin hits you with a +0 dagger.
You puncture the goblin!
You kill the goblin!
No target in view!
HP restored.
An orc wizard comes into view. It is wielding a +0 dagger.
The orc wizard shouts!
The orc wizard moves out of view.
Terence the Incautious comes into view.
He is wielding a +0 flail.
Terence shouts!
A rat comes into view.
A ball python comes into view.
A black bear comes into view.
The orc wizard hits you with a +0 dagger.
An endoplasm comes into view.
The orc wizard points at you and mumbles some strange words.
You are confused.
The endoplasm quivers.
The orc wizard hits you with a +0 dagger.
An orc wizard comes into view. It is wielding a +0 dagger.
The orc wizard shouts!
You puncture the orc wizard!
The orc wizard is severely wounded.
The orc wizard hits you with a +0 dagger.
The orc wizard closely misses you. The orc wizard casts a spell at you.
The puff of flame hits you!
You feel less confused.
You hit Terence but do no damage. You block Terence's attack.
The orc wizard mumbles some strange words.
The orc wizard flickers and vanishes!
Deactivating autopickup; reactivate with Ctrl-A.
You barely miss Terence. Terence hits you with a +0 flail!
Terence barely misses you. Terence says, "Did you write a will?
You should..."
A magic dart appears from out of thin air!
The magic dart hits you!
* * * LOW HITPOINT WARNING * * *
A puff of flame appears from out of thin air!
The puff of flame hits you.
You die...

##o...# ... #..#.##
#.# ###J##..###..#
#..@..#..#..#
#..r........######
#...{.##.........#
#..S..+..........#
#.....##.........#
#..@..##.........#
#.....##.........#
#.....##.........#
#.....######)....#
#.....# ####'##
###.....#########.####
#....................#
#....###..............
#....# #...........#..


You could see Terence, an endoplasm, a ball python and a rat.

Vanquished Creatures
  A dart slug (D:1)
  A ball python (D:1)
  3 endoplasms (D:1)
  3 hobgoblins (D:1)
  4 goblins
  2 kobolds (D:1)
  2 rats (D:1)
16 creatures vanquished.

Notes
Turn   | Place    | Note
-------+----------+-------------------------------------------
     0 | D:1      | BinkBink the Ogre Fighter began the quest for the Orb.
     0 | D:1      | Reached XP level 1. HP: 24/24 MP: 1/1
   424 | D:1      | Reached XP level 2. HP: 33/33 MP: 2/2
  1017 | D:2      | Noticed Terence
  1018 | D:2      | Noticed a black bear
  1041 | D:2      | Killed from afar by an orc wizard

Illustrated notes

Levels and vault maps discovered:
D:1:      lightli_arrival_noodles, layout_rooms, serial_forest,
          infiniplex_forest_end_2, infiniplex_forest_join,
          infiniplex_forest_lined_3, infiniplex_forest_straight_3,
          infiniplex_forest_diagonal, infiniplex_forest_lined_1,
          infiniplex_forest_clump_long, infiniplex_forest_straight_1,
          infiniplex_forest_zigzag_2
D:2:      layout_basic, hellmonk_ecumenical_altar_leap_of_faith, basic_altar,
          minmay_fractal_squares_gapless_5, uniq_terence

Action                   || total
-------------------------++-------
Melee: Trident           ||    44
Armor: Robe              ||     9
Dodge: Dodged            ||     6
Block: Kite shield       ||     9

Table legend: (Time is in decaauts)
 A = Elapsed time spent in this place.
 B = Non-inter-level travel time spent in this place.
 C = Inter-level travel time spent in this place.
 D = Time resting spent in this place.
 E = Time spent auto-exploring this place.
 F = Levels seen in this place.
 G = Mean time per level.
                   A        B        C        D        E       F      G
               +--------+--------+--------+--------+--------+-----+--------+
         Total |   1059 |   1027 |     32 |      0 |    885 |   2 |  529.5 |
       Dungeon |   1059 |   1027 |     32 |      0 |    885 |   2 |  529.5 |
               +--------+--------+--------+--------+--------+-----+--------+

Top non-repeatable levels by time:
     D:1: 967 daAuts
     D:2: 91 daAuts
